 Dungeon Crawl Stone Soup version 0.29.1-2-gbd0b4ee654 (webtiles) character file.

Game seed: 818046550196625306

379 xian the Chopper (level 6, -1/56 HPs)
             Began as a Hill Orc Berserker on Nov 3, 2022.
             Was a Priest of Trog.
             Killed by divine providence
             ... invoked by an orc priest
              (15 damage)
             ... on level 5 of the Dungeon.
             The game lasted 00:08:35 (4110 turns).

xian the Chopper (Hill Orc Berserker)               Turns: 4110, Time: 00:08:36

Health: -1/56      AC:  9    Str: 22    XL:     6   Next: 74%
Magic:  15/15      EV:  6    Int:  7    God:    Trog [***...]
Gold:   214        SH:  6    Dex: 10    Spells: 5/5 levels left

rFire   . . .      SeeInvis .   s - +0 hand axe (elec)
rCold   . . .      Faith    .   n - +0 kite shield
rNeg    . . .      Spirit   .   l - +0 chain mail
rPois   +          Reflect  .   (no helmet)
rElec   .          Harm     .   (no cloak)
rCorr   .          Rampage  .   (no gloves)
Will    .....                   (no boots)
Stlth   ..........              (no amulet)
HPRegen 0.18/turn               m - ring of magical power
MPRegen 0.14/turn               t - ring of poison resistance

@: no status effects
A: no striking features
a: Renounce Religion, Convert to Beogh, Berserk, Trog's Hand


You were on level 5 of the Dungeon.
You worshipped Trog.
Trog was most pleased with you.
You visited 1 branch of the dungeon, and saw 5 of its levels.

You collected 328 gold pieces.
You spent 114 gold pieces at shops.

Inventory:

Hand Weapons
 s - a +0 hand axe of electrocution (weapon)
Missiles
 g - 5 curare-tipped darts
 k - 9 poisoned darts (quivered)
Armour
 l - a +0 chain mail (worn)
 n - a +0 kite shield (worn)
Jewellery
 m - a ring of magical power (left hand)
 t - a ring of poison resistance (right hand)
Scrolls
 c - 3 scrolls of teleportation {unknown}
 f - a scroll of brand weapon
 p - a scroll of amnesia
 r - a scroll of immolation
Potions
 a - a potion of mutation {unknown}
 b - a potion of invisibility {unknown}
 d - a potion of might
 e - 3 potions of haste {unknown}
 h - a potion of resistance
 i - a potion of flight
 j - 4 potions of curing {unknown}
 o - a potion of heal wounds
 q - a potion of attraction {unknown}


   Skills:
 + Level 5.3 Fighting
 + Level 7.3 Axes
 + Level 0.5 Throwing
 + Level 3.7 Armour
 + Level 2.0 Dodging
 + Level 0.1 Stealth
 + Level 0.4 Shields


You had 5 spell levels left.
You didn't know any spells.
Your spell library contained the following spells:

 Spells                   Type           Power      Damage    Failure   Level
 Inner Flame              Hex/Fire       0%         N/A       100%        3
 Cause Fear               Hex            0%         N/A       100%        4
 Discord                  Hex            0%         N/A       100%        8


Dungeon Overview and Level Annotations

Branches:
Dungeon (5/15)             Temple (0/1) D:4

Altars:
Dithmenos
Nemelex Xobeh
Sif Muna
Vehumet
Xom

Shops:
D:4 (


Message History

The orc is severely wounded.
The orc hits you but does no damage.
You hit the orc.
The orc is almost dead.
The orc hits you but does no damage.
You hit the orc.
You kill the orc!
Trog accepts your kill.
Things that are here:
a +0 dagger; an orc corpse
Things that are here:
a +0 dagger; an orc corpse
There is a stone staircase leading down, spattered with blood here.
You climb downwards.
The orc priest mumbles some strange prayers to Beogh against you.
Beogh smites you! You block the orc's attack.
There is a stone staircase leading up here.
You hit the orc.
The orc is heavily wounded.
The orc priest calls down the wrath of Beogh upon you.
Beogh smites you! The orc hits you with a +0 short sword.
You closely miss the orc.
The orc is heavily wounded.
The orc hits you with a +0 short sword.
You closely miss the orc.
The orc is heavily wounded.
You block the orc's attack.
You hit the orc.
You kill the orc!
Trog accepts your kill.
You hit the orc priest. You block the orc priest's attack.
You slash the orc priest!
The orc priest is almost dead.
You hear a distant slurping noise.
The orc priest mumbles some strange prayers to Beogh against you.
Beogh smites you!
* * * LOW HITPOINT WARNING * * *
The orc priest calls down the wrath of Beogh upon you.
Beogh smites you!
You die...

########
#......#
#......#
#......#
+..o...#
#..@...#
##..)..#
#######


You could see an orc priest.

Vanquished Creatures
  Sigmund (D:2)
  3 jellies (D:4)
  An iguana (D:4)
  An adder (D:4)
  3 worms
  A dart slug (D:1)
  3 orcs
  8 bats
  14 endoplasms
  A giant cockroach (D:1)
  4 goblins
  6 hobgoblins
  7 jackals
  13 kobolds
  6 quokkas
  11 ball pythons
  A frilled lizard (D:2)
  7 rats
91 creatures vanquished.

Vanquished Creatures (others)
  7 fungi (D:4)
  A plant (D:4)
  12 toadstools
20 creatures vanquished.

Grand Total: 111 creatures vanquished

Notes
Turn   | Place    | Note
-------+----------+-------------------------------------------
     0 | D:1      | xian the Hill Orc Berserker began the quest for the Orb.
     0 | D:1      | Reached XP level 1. HP: 19/19 MP: 1/1
    91 | D:1      | Reached XP level 2. HP: 18/27 MP: 2/2
   617 | D:1      | Reached XP level 3. HP: 33/33 MP: 3/3
   710 | D:1      | Reached ** piety under Trog
  1122 | D:2      | Reached skill level 5 in Axes
  1474 | D:2      | Noticed Sigmund
  1490 | D:2      | Killed Sigmund
  1491 | D:2      | Reached skill level 6 in Axes
  1491 | D:2      | Reached XP level 4. HP: 15/41 MP: 4/4
  1491 | D:2      | Reached XP level 5. HP: 17/47 MP: 5/5
  2098 | D:3      | Found a shadowy altar of Dithmenos.
  2283 | D:3      | Found a shimmering blue altar of Sif Muna.
  2676 | D:3      | Found a shimmering altar of Xom.
  3050 | D:4      | Reached XP level 6. HP: 55/55 MP: 6/6
  3086 | D:4      | Found a radiant altar of Vehumet.
  3163 | D:4      | Reached skill level 5 in Fighting
  3176 | D:4      | Reached skill level 7 in Axes
  3477 | D:4      | Found a staircase to the Ecumenical Temple.
  3512 | D:4      | Found Xod Ybu's Weapon Shop.
  3558 | D:4      | Bought a +0 hand axe of electrocution for 114 gold pieces
  3781 | D:4      | Reached *** piety under Trog
  3787 | D:4      | Found a sparkling altar of Nemelex Xobeh.
  4089 | D:5      | Entered Level 5 of the Dungeon
  4110 | D:5      | Killed from afar by an orc priest

Illustrated notes

Levels and vault maps discovered:
D:1:      dpeg_arrival_ternary, layout_basic
D:2:      layout_loops_ring, minmay_gold_behind_fungi, uniq_sigmund
D:3:      layout_basic, led_sif_pool, xom_teletrap_fun,
          nicolae_dithmenos_through_a_glass_darkly, hex_intersection
D:4:      cheibrodos_fertilizer, layout_loops_ring,
          mainiacjoe_overflow_small_starburst, nicolae_vehumet_altar_sigil,
          minmay_temple_entry_gardened_gates, serial_shops,
          nicolae_shop_bloodbath_and_beyond
D:5:      layout_gridville, lemuel_coloured_pillars_altar, elyvilon_altar_1,
          lemuel_doored_altar, serial_shops, shop, uniq_edmund, uniq_duvessa,
          uniq_ijyb

Skill      XL: |  1  2  3  4  5  6 |
---------------+-------------------+-----
Fighting       | 4 5 |  5.3
Axes           | 6 7 |  7.3
Armour         | 3 |  3.7
Dodging        | 2 |  2.0
Throwing       | |  0.5
Stealth        | |  0.1
Shields        | |  0.4

Action                   |  1- 3 |  4- 6 || total
-------------------------+-------+-------++-------
Melee: Hand axe          |   148 |   109 ||   257
       Punch             |     2 |       ||     2
Throw: Dart              |     6 |       ||     6
Invok: Berserk           |     2 |     2 ||     4
  Use: Scroll            |     4 |     5 ||     9
Armor: Animal skin       |    12 |       ||    12
       Scale mail        |    32 |       ||    32
       Chain mail        |    16 |    46 ||    62
Dodge: Dodged            |    96 |    23 ||   119
Block: Kite shield       |     6 |    26 ||    32
